 Dungeon Crawl Stone Soup version 0.23.2-33-g5129a83184 (webtiles) character file.

Game seed: 6816293194986480036

1943 t4s4d4r the Carver (level 9, 0/59 HPs)
             Began as an Octopode Fighter on July 16, 2019.
             Slain by an ice beast (3 damage)
             ... on level 7 of the Dungeon.
             The game lasted 00:08:12 (7316 turns).

t4s4d4r the Carver (Octopode Fighter)               Turns: 7316, Time: 00:08:12

Health: 0/59       AC:  4    Str: 15    XL:     9   Next: 18%
Magic:  9/9        EV: 12    Int: 14    God:
Gold:   345        SH: 11    Dex: 11    Spells: 8/8 levels left

rFire    . . .     SeeInvis .   b - +1 double sword (holy)
rCold    . . .     Gourm    .   A - +0 shield
rNeg     + . .     Faith    .   (helmet restricted)
rPois    .         Spirit   .   C - +2 amulet of reflection
rElec    .         Reflect  +   n - ring of flight
rCorr    .         Harm     .   t - +3 ring of protection
MR       .....                  u - ring of wizardry
Stlth    +++.......             v - ring of positive energy
HPRegen  0.19/turn              H - ring of stealth
MPRegen  0.11/turn              (no ring)
                                (no ring)
                                (no ring)

@: no status effects
A: almost no armour, stealthy swim, amphibious, 8 rings, constrict 8, camouflage
1, gelatinous body 1
a: Evoke Flight


You were on level 7 of the Dungeon.
You were not hungry.

You visited 1 branch of the dungeon, and saw 7 of its levels.
You also visited: Ossuary and Bailey.

You collected 345 gold pieces.

Inventory:

Hand Weapons
 a - a +2 long sword
 b - a +1 double sword of holy wrath (weapon)
 k - a +2 triple sword of holy wrath
Missiles
 i - 163 stones (quivered)
Armour
 A - a +0 shield (worn)
Jewellery
 n - a ring of flight (left tentacle)
 t - a +3 ring of protection (right tentacle)
 u - a ring of wizardry (on tentacle)
 v - a ring of positive energy (on tentacle)
 C - a +2 amulet of reflection (around mantle)
 H - a ring of stealth (on tentacle)
Wands
 x - a wand of paralysis (6)
 y - a wand of flame (12)
Scrolls
 f - 2 scrolls of teleportation
 o - 4 scrolls of remove curse
 p - a scroll of fear
 w - a scroll of amnesia {unknown}
 z - a scroll of vulnerability {unknown}
 B - a scroll of magic mapping {unknown}
 D - a scroll of random uselessness {unknown}
 E - a scroll of fog {unknown}
 G - a scroll of silence {unknown}
Potions
 c - 2 potions of might
 e - 3 potions of ambrosia {unknown}
 g - a potion of curing
 h - 2 potions of lignification {unknown}
 j - a potion of resistance
 l - 5 potions of agility
 m - a potion of cancellation {unknown}
 q - 2 potions of mutation
 r - 2 potions of haste
 s - 3 potions of brilliance
 F - a potion of heal wounds {unknown}
Comestibles
 d - 10 rations
 I - 4 chunks of flesh


   Skills:
 + Level 4.4 Fighting
 - Level 10.3 Long Blades
 + Level 4.4 Dodging
 + Level 4.3 Shields


You had 8 spell levels left.
You didn't know any spells.
Your spell library contained the following spells:

 Spells                   Type           Power        Failure   Level  Hunger
 Summon Small Mammal      Summ           #...         41%         1    ##.....
 Call Imp                 Summ           #.......     52%         2    ###....
 Call Canine Familiar     Summ           #.......     77%         3    ####...
 Summon Guardian Golem    Hex/Summ       #.......     77%         3    ####...
 Summon Ice Beast         Ice/Summ       #.......     98%         4    #####..
 Summon Lightning Spire   Summ/Air       #.......     98%         4    #####..


Dungeon Overview and Level Annotations

Branches:
Dungeon (7/15)
 Temple: D:4-7

Altars:
Dithmenos
Fedhas
Hepliaklqana
Kikubaaqudgha
Okawaru
Trog
Uskayaw
Vehumet
Xom

Annotations:
D:3 1 exclusion
D:4 1 runed translucent door, Crazy Yiuf
D:6 2 transporters


Innate Abilities, Weirdness & Mutations

You cannot wear most types of armour.
You are very stealthy in the water. (Stealth+)
You are amphibious.
You can wear up to eight rings at the same time.
You can use your tentacles to constrict eight enemies at once.
Your skin changes colour to match your surroundings (Stealth+).
Your rubbery body absorbs attacks. (AC +1, EV +1)


Message History

You closely miss the ice beast.
The ice beast is heavily wounded.
The ice beast hits you but does no damage.
You closely miss the ice beast. You squeeze the ice beast.
The ice beast is severely wounded.
The ice beast misses you.
Your shield prevents you from hitting the ice beast.
The ice beast is severely wounded.
The ice beast hits you. The ice beast freezes you! The ice beast hits you.
The ice beast freezes you!
You closely miss the ice beast. You squeeze the ice beast.
The ice beast is severely wounded.
The ice beast hits you.
* * * LOW HITPOINT WARNING * * *
The ice beast freezes you!
* * * LOW HITPOINT WARNING * * *
You closely miss the ice beast.
The ice beast is severely wounded.
The ice beast hits you.
You die...

[....##≈###.....###..
.....#≈≈≈##.......(..
.....#≈≈≈≈#....>....# #
.....#≈≈≈≈#...#.######.#
...≈≈#≈≈≈≈#.!.#........#
≈≈≈≈≈≈≈≈≈≈#...#........#
≈≈.≈≈≈≈≈≈≈.............#
≈≈≈≈≈≈≈≈≈≈###.#........#
≈≈≈≈.≈≈≈≈.# ###.@......+
≈≈.≈≈..≈≈## ##.Y.....#
##.###.### #.......#
...###.# #.......#
##.....# #.......#
####### #.......#
#.......# #########


You could see an ice beast.

Vanquished Creatures
  Sigmund (D:3)
  2 orc warriors
  A black bear (D:6)
  2 ogres
  A bullfrog (D:6)
  7 water moccasin zombies (Ossuary)
  2 scorpions
  2 crimson imps (D:6)
  A bullfrog zombie (D:5)
  A hound (D:6)
  An orc priest (D:5)
  6 orc wizards
  An iguana (D:6)
  Natasha (twice) (D:3)
  2 worker ants
  4 big kobold zombies (Ossuary)
  2 mummies (Ossuary)
  Robin (D:3)
  A howler monkey skeleton (D:7)
  5 adders
  A shadow imp (D:5)
  4 adder zombies (Ossuary)
  5 worms
  2 adder skeletons (D:4)
  A dart slug (D:2)
  4 leopard geckos
  16 orcs
  8 bats
  A bat zombie (D:3)
  8 giant cockroaches
  A gnoll zombie (Ossuary)
  23 goblins
  11 hobgoblins
  7 jackals
  2 quokkas
  4 frilled lizards
  4 hobgoblin zombies (Ossuary)
  5 kobolds
  4 kobold zombies (Ossuary)
  2 leopard gecko skeletons
  3 orc zombies (Ossuary)
  A quokka skeleton (D:5)
  11 rats
  A rat zombie (D:3)
174 creatures vanquished.

Vanquished Creatures (others)
  A kobold (Bailey)
1 creature vanquished.

Grand Total: 175 creatures vanquished

Notes
Turn   | Place    | Note
-------+----------+-------------------------------------------
     0 | D:1      | t4s4d4r the Octopode Fighter began the quest for the Orb.
     0 | D:1      | Reached XP level 1. HP: 16/16 MP: 1/1
   303 | D:1      | Reached XP level 2. HP: 17/21 MP: 2/2
   407 | D:1      | Reached skill level 3 in Long Blades
   654 | D:1      | Reached XP level 3. HP: 19/26 MP: 3/3
  1338 | D:2      | Reached skill level 4 in Long Blades
  1522 | D:2      | Reached XP level 4. HP: 31/31 MP: 4/4
  1564 | D:2      | Found an iron altar of Okawaru.
  2365 | D:3      | Reached skill level 5 in Long Blades
  2365 | D:3      | Reached XP level 5. HP: 32/36 MP: 5/5
  2627 | D:3      | Noticed Sigmund
  2635 | D:3      | Killed Sigmund
  2635 | D:3      | Reached skill level 6 in Long Blades
  2635 | D:3      | Reached XP level 6. HP: 42/42 MP: 6/6
  2655 | D:3      | Noticed Robin
  2679 | D:3      | Killed Robin
  2891 | D:3      | Noticed a moth of wrath
  2894 | D:3      | Found a bloodstained altar of Trog.
  3019 | D:3      | Noticed Natasha
  3027 | D:3      | Killed Natasha
  3107 | D:3      | Found an ancient bone altar of Kikubaaqudgha.
  3275 | D:3      | Noticed Natasha
  3284 | D:3      | Killed Natasha
  3284 | D:3      | Reached skill level 7 in Long Blades
  3622 | D:4      | Reached XP level 7. HP: 43/46 MP: 7/7
  3739 | D:4      | Found a runed translucent door.
  3740 | D:4      | Noticed Crazy Yiuf
  3873 | D:4      | Found a hide-covered altar of Uskayaw.
  4183 | D:5      | Entered Level 5 of the Dungeon
  4183 | D:5      | Found a sand-covered staircase.
  4202 | Ossuary  | Entered an ossuary
  4221 | Ossuary  | Reached skill level 8 in Long Blades
  4592 | Ossuary  | Reached skill level 9 in Long Blades
  4592 | Ossuary  | Reached XP level 8. HP: 21/52 MP: 8/8
  5414 | D:5      | Found a radiant altar of Vehumet.
  5416 | D:5      | Found a shimmering altar of Xom.
  5423 | D:5      | Found an iron altar of Okawaru.
  5466 | D:5      | Reached skill level 10 in Long Blades
  5569 | D:5      | Found a hazy altar of Hepliaklqana.
  6035 | D:6      | Found a shadowy altar of Dithmenos.
  6274 | D:6      | Found a blossoming altar of Fedhas.
  6380 | D:6      | Found a transporter.
  6510 | D:6      | Found a transporter.
  6701 | D:6      | Identified 2 scrolls of acquirement
  6714 | D:6      | Reached XP level 9. HP: 55/58 MP: 9/9
  7072 | D:7      | Found a flagged portal.
  7090 | Bailey   | Entered a bailey
  7115 | Bailey   | Noticed an orc knight
  7316 | D:7      | Slain by an ice beast

Skill      XL: |  1  2  3  4  5  6  7  8  9 |
---------------+----------------------------+-----
Long Blades    | 3 4 5 6 7 9 10 | 10.3
Fighting       | 4 |  4.4
Dodging        | 4 |  4.4
Shields        | 4 |  4.3

Action                   |  1- 3 |  4- 6 |  7- 9 || total
-------------------------+-------+-------+-------++-------
Melee: Long sword        |    70 |    88 |   196 ||   354
       Constrict         |    17 |    30 |    63 ||   110
       Tentacles         |    11 |    22 |    64 ||    97
       Double sword      |       |       |    53 ||    53
Evoke: Wand              |       |       |     1 ||     1
  Use: Scroll            |       |     5 |    10 ||    15
 Stab: Sleeping          |    11 |     6 |     8 ||    25
       Distracted        |       |     1 |       ||     1
  Eat: Chunk             |     2 |     7 |     5 ||    14
       Ration            |       |       |     2 ||     2
Armor: Skin              |     5 |    11 |    23 ||    39
Dodge: Dodged            |    24 |    33 |    77 ||   134
Block: Shield            |    25 |    20 |    98 ||   143
       Reflection        |       |       |     7 ||     7
       Rpst.: Long sword |     6 |     9 |    17 ||    32
       Double sword      |       |       |     6 ||     6
